 Dungeon Crawl Stone Soup version 0.29-a0-330-g52719c12eb (webtiles) character file.

Game seed: 3288996359528787552

546 Crownlay the Geomancer (level 7, -2/36 HPs)
             Began as a Gargoyle Earth Elementalist on May 24, 2022.
             Was an Initiate of Sif Muna.
             Killed by divine providence
             ... invoked by an orc priest
              (13 damage)
             ... on level 4 of the Dungeon.
             The game lasted 00:07:36 (4525 turns).

Crownlay the Geomancer (GrEE)                       Turns: 4525, Time: 00:07:37

Health: -2/36      AC: 13    Str: 17    XL:     7   Next: 28%
Magic:  0/13       EV: 11    Int: 18    God:    Sif Muna [......]
Gold:   160        SH:  0    Dex: 12    Spells: 10/14 levels left

rFire   + . .      SeeInvis .   s - +4 dagger (pain)
rCold   + . .      Faith    .   (no shield)
rNeg    + . .      Spirit   +   d - +0 ring mail "Zahomudd" {-Tele Will+ Str+6 Dex+2}
rPois   ∞          Reflect  .   b - +1 hat
rElec   +          Harm     .   m - scarf {rC+ rF+}
rCorr   .          Rampage  .   g - +2 pair of gloves
Will    +....      NoTele   +   (no boots)
Stlth   +.........              o - amulet of guardian spirit
HPRegen 0.12/turn               (no ring)
MPRegen 0.13/turn               (no ring)

@: no status effects
A: sickness immunity, AC +4, negative energy resistance 1, electricity
resistance, torment resistance 1, petrification resistance
a: Renounce Religion


You were on level 4 of the Dungeon.
You worshipped Sif Muna.
Sif Muna was noncommittal.
You visited 2 branches of the dungeon, and saw 5 of its levels.

You collected 160 gold pieces.

Inventory:

Hand Weapons
 s - a +4 dagger of pain (weapon)
Missiles
 a - 35 stones
Armour
 b - a +1 hat (worn)
 d - the +0 ring mail "Zahomudd" (worn) {-Tele Will+ Str+6 Dex+2}
   (You found it on level 2 of the Dungeon)

   Str:       It affects your strength (+6).
   Dex:       It affects your dexterity (+2).
   -Tele:     It prevents most forms of teleportation.
   Will:      It increases your willpower.
 g - a +2 pair of gloves (worn)
 m - a scarf of resistance (worn)
Magical Staves
 p - a staff of fire
Jewellery
 o - an amulet of guardian spirit (around neck)
Wands
 c - a wand of flame (17)
Scrolls
 e - a scroll of magic mapping {unknown}
 f - a scroll of holy word {unknown}
 h - a scroll of blinking {unknown}
 j - a scroll of torment {unknown}
 q - 2 scrolls of identify {unknown}
Potions
 i - 2 potions of curing {unknown}
 k - a potion of brilliance
 l - a potion of resistance {unknown}
 n - a potion of haste {unknown}
 r - a potion of magic


   Skills:
 - Level 1.5 Dodging
 - Level 2.1 Stealth
 + Level 4.3 Spellcasting
 - Level 0.7 Transmutations
 * Level 8.2 Earth Magic


You had 10 spell levels left.
You knew the following spells:

 Your Spells              Type           Power      Damage    Failure   Level
a - Sandblast             Erth           66%        2d15      1%          1
b - Stone Arrow           Conj/Erth      36%        3d9       14%         3

Your spell library contained the following spells:

 Spells                   Type           Power      Damage    Failure   Level
 Passwall                 Tmut/Erth      16%        N/A       6%          2
 Freeze                   Ice            12%        1d4       26%         1
 Petrify                  Tmut/Erth      20%        N/A       38%         4
 Frozen Ramparts          Ice            6%         1d2       61%         3
 Hailstorm                Conj/Ice       3%         3d3       95%         4


Dungeon Overview and Level Annotations

Branches:
Dungeon (4/15)             Temple (1/1) D:4

Altars:
Ashenzari
Dithmenos
Fedhas
Gozag
Makhleb
Nemelex Xobeh
Okawaru
Qazlal
Sif Muna
Trog
Uskayaw
Wu Jian
Xom
Zin
The Shining One


Innate Abilities, Weirdness & Mutations

You are immune to sickness and miasma.
Your stone body is resilient. (AC +4)
You are immune to poison.
You resist negative energy. (rN+)
You are resistant to electric shocks. (rElec)
You are resistant to unholy torment.
You are immune to petrification.


Message History

The endoplasm freezes you.
You are frozen.
You resist. The orc completely misses you.
The blast of sand hits the orc!
You kill the orc!
Sif Muna accepts your kill.
The endoplasm hits you but does no damage.
The orc priest invokes the aid of Beogh against you.
Beogh smites you!
You hear a shout!
The blast of sand hits the orc priest.
The orc priest is moderately wounded.
The endoplasm closely misses you.
The orc priest invokes the aid of Beogh against you.
Pain shoots through your body!
The blast of sand hits the orc priest!
You kill the orc priest!
Sif Muna accepts your kill. The endoplasm freezes you.
You are frozen.
You resist.
The orc priest invokes the aid of Beogh against you.
Beogh smites you!
An orc wizard comes into view. It is wielding a +0 dagger.
Something hits you but does no damage.
Casting: Sandblast (safe; 1% risk of failure)
Confirm with . or Enter, or press ? or * to list all spells.
Aiming: Sandblast (safe; 1% risk of failure)
Press: ? - help, Shift-Dir - straight line, f - necrophage
Aim: a necrophage (82% to hit)
The blast of sand hits the necrophage!
The necrophage is severely damaged.
The endoplasm barely misses you. Something hits you but does no damage.
The necrophage hits you but does no damage.
The necrophage attacks as you move away!
The necrophage closely misses you. The hobgoblin attacks as you move away!
The hobgoblin hits you but does no damage.
The necrophage attacks as you move away!
The necrophage hits you but does no damage.
The orc priest invokes the aid of Beogh against you.
Beogh smites you!
You die...

###..........#
#..#<#######
###....####
#........>#
#.........#
#.........#
#.........#
#.........#
#.#@#######
##ngJ# #)..##
......o..#
....).#..#
......#.##
....o ..#
.##.....# #.
....


You could see a necrophage, an orc priest, an orc wizard, an endoplasm and a
hobgoblin.

Vanquished Creatures
  A sky beast (D:3)
  2 ogres
  A hound (D:4)
  3 iron imps (D:3)
  An orc priest (D:4)
  Terence (D:3)
  3 adders
  A gnoll (D:1)
  2 worms
  2 dart slugs (D:1)
  3 orcs
  9 endoplasms
  3 giant cockroaches
  5 goblins
  7 hobgoblins
  4 jackals
  6 kobolds
  2 quokkas
  6 ball pythons
  6 bats
  2 frilled lizards (D:3)
  6 rats
76 creatures vanquished.

Vanquished Creatures (others)
  A fungus (D:1)
  3 plants (D:1)
4 creatures vanquished.

Grand Total: 80 creatures vanquished

Notes
Turn   | Place    | Note
-------+----------+-------------------------------------------
     0 | D:1      | Crownlay the Gargoyle Earth Elementalist began the quest
                  | for the Orb.
     0 | D:1      | Reached XP level 1. HP: 10/10 MP: 3/3
   317 | D:2      | Identified the +0 ring mail "Zahomudd" {-Tele Will+ Str+6
                  | Dex+2}
   356 | D:2      | Found a hide-covered altar of Uskayaw.
   385 | D:2      | Reached skill level 4 in Earth Magic
   490 | D:2      | Reached XP level 2. HP: 2/15 MP: 5/5
   998 | D:1      | Reached XP level 3. HP: 15/19 MP: 4/6
  1500 | D:1      | Reached skill level 5 in Earth Magic
  1512 | D:1      | Learned a level 3 spell: Stone Arrow
  1643 | D:1      | Found a faded altar of an unknown god.
  1678 | D:1      | Reached XP level 4. HP: 8/24 MP: 2/8
  2525 | D:3      | Noticed Terence
  2533 | D:3      | Killed Terence
  2694 | D:3      | Found a burning altar of Makhleb.
  2728 | D:3      | Reached skill level 6 in Earth Magic
  2728 | D:3      | Reached XP level 5. HP: 11/28 MP: 0/9
  3118 | D:3      | Found a hide-covered altar of Uskayaw.
  3529 | D:3      | Noticed an ogre
  3535 | D:3      | Killed an ogre
  3536 | D:3      | Reached skill level 7 in Earth Magic
  3536 | D:3      | Reached XP level 6. HP: 32/32 MP: 4/11
  3591 | D:3      | Noticed a sky beast
  3607 | D:3      | Killed a sky beast
  3921 | D:3      | Found a glowing golden altar of the Shining One.
  4047 | D:3      | Found an iron altar of Okawaru.
  4194 | D:4      | Reached skill level 8 in Earth Magic
  4194 | D:4      | Reached XP level 7. HP: 36/36 MP: 10/13
  4225 | D:4      | Found a staircase to the Ecumenical Temple.
  4234 | Temple   | Entered the Ecumenical Temple
  4420 | Temple   | Became a worshipper of Sif Muna the Loreminder
  4525 | D:4      | Killed from afar by an orc priest

Illustrated notes

Levels and vault maps discovered:
D:1:      wander_arrival_fairy_ring, layout_rooms,
          chequers_ecumenical_altar_simple
D:2:      layout_basic, basic_altar, st_stairs_4
D:3:      layout_basic, marbit_many_paths, tso_metal_star,
          eat_drink_and_be_merry_uskayaw, demons_altar, minmay_statues_item,
          grunt_decor_one_mirror, uniq_terence
D:4:      minmay_recursive_quarters, layout_rooms,
          minmay_temple_entry_glassed_door
Temple:   grunt_temple_mini_profane

Skill      XL: |  1  2  3  4  5  6 |
---------------+-------------------+-----
Earth Magic    | 4 5 6 7 8 |  8.2
Spellcasting   | 3 4 |  4.3
Dodging        | |  1.5
Stealth        | |  2.1
Transmutations | |  0.7

Action                   |  1- 3 |  4- 6 |  7- 9 || total
-------------------------+-------+-------+-------++-------
Melee: Unarmed           |    21 |       |       ||    21
       Dagger            |    93 |   167 |     2 ||   262
       Punch             |     2 |     2 |       ||     4
 Cast: Sandblast         |    21 |    28 |    10 ||    59
       Stone Arrow       |       |     1 |       ||     1
  Use: Potion            |       |     2 |       ||     2
 Stab: Sleeping          |       |     4 |       ||     4
Armor: Ring mail         |    61 |    66 |     9 ||   136
Dodge: Dodged            |   107 |    99 |     6 ||   212

Table legend: (Time is in decaauts)
 A = Elapsed time spent in this place.
 B = Non-inter-level travel time spent in this place.
 C = Inter-level travel time spent in this place.
 D = Time resting spent in this place.
 E = Time spent auto-exploring this place.
 F = Levels seen in this place.
 G = Mean time per level.
                   A        B        C        D        E       F      G
               +--------+--------+--------+--------+--------+-----+--------+
         Total |   4525 |   4415 |    110 |    136 |   3536 |   5 |  905.0 |
       Dungeon |   4300 |   4228 |     72 |    136 |   3365 |   4 | 1075.0 |
        Temple |    224 |    186 |     38 |      0 |    171 |   1 |  224.0 |
               +--------+--------+--------+--------+--------+-----+--------+

Top non-repeatable levels by time:
     D:3: 1633 daAuts
     D:2: 1398 daAuts
     D:1: 1126 daAuts
  Temple: 224 daAuts
     D:4: 141 daAuts
